Map: Frost LE

Players

Luke - Winner!

  • Race: Protoss Protoss
  • League: Master

Rakan

  • Race: Terran Terran
  • League: Diamond

VOD

https://www.youtube.com/channel/UCcSgNfDNxvyisU-eCj9xyNg/playlists

Description

Time

  • Played on: Aug. 26, 2016, 12:08 p.m.
  • Length: 9:56
Show
View Real Time Build Order
Export as new Build Order

Luke Protoss - Winner!

Build Orders: 1 Gate Expand, Oracle Opening 

Get SALT Encoding   

  12  0:00  Probe (Chrono Boost)  
  13  0:11  Probe (Chrono Boost)  
  14  0:19  Pylon  
  14  0:23  Probe (Chrono Boost)  
  15  0:38  Probe (Chrono Boost), Gateway  
  16  0:48  Probe (Chrono Boost)  
  16  0:49  Assimilator  
  17  0:59  Probe (Chrono Boost)  
  18  1:09  Probe (Chrono Boost)  
  19  1:20  Probe (Chrono Boost)  
  19  1:23  Nexus  
  20  1:30  Probe (Chrono Boost)  
  21  1:36  Cybernetics Core  
  21  1:41  Probe (Chrono Boost)  
  22  1:54  Pylon  
  22  1:56  Probe (Chrono Boost)  
  23  2:07  Probe (Chrono Boost)  
  23  2:08  Assimilator  
  23  2:13  Adept  
  25  2:18  Mothership Core (Chrono Boost)  
  27  2:40  Adept  
  27  2:41  Probe x2 (Chrono Boost)  
  32  2:51  Probe x2 (Chrono Boost)  
  32  2:56  Warp Gate  
  33  3:02  Probe x2 (Chrono Boost)  
  35  3:06  Stargate  
  35  3:12  Probe x2 (Chrono Boost)  
  37  3:22  Pylon  
  37  3:23  Probe x2 (Chrono Boost)  
  39  3:33  Probe x2 (Chrono Boost)  
  41  3:44  Probe x2 (Chrono Boost)  
  41  3:46  Oracle  
  43  3:54  Robotics Facility  
  43  3:55  Probe (Chrono Boost)  
  48  3:56  Gateway x2  
  48  3:57  Probe (Chrono Boost)  
  48  4:00  Assimilator  
  48  4:02  Assimilator  
  48  4:05  Probe (Chrono Boost)  
  48  4:09  Probe (Chrono Boost)  
  50  4:16  Probe (Chrono Boost)  
  51  4:21  Probe (Chrono Boost)  
  51  4:23  Twilight Council  
  50  4:25  Pylon  
  50  4:26  Probe (Chrono Boost)  
  50  4:31  Phoenix, Pylon  
  51  4:33  Probe (Chrono Boost)  
  54  4:43  Probe (Chrono Boost)  
  54  4:44  Pylon  
  54  4:45  Probe (Chrono Boost), Observer  
  57  4:46  Pylon  
  57  4:53  Phoenix  
  57  4:54  Probe (Chrono Boost)  
  57  4:57  Probe (Chrono Boost)  
  61  5:03  Resonating Glaives  
  61  5:05  Probe (Chrono Boost)  
  62  5:08  Forge  
  62  5:09  Probe (Chrono Boost)  
  62  5:13  Adept x3  
  69  5:15  Probe (Chrono Boost)  
  70  5:22  Nexus  
  70  5:26  Pylon  
  70  5:33  Adept  
  70  5:34  Adept x2  
  76  5:43  Protoss Ground Weapons Level 1  
  76  5:53  Adept  
  76  5:54  Adept x2  
  82  6:08  Observer  
  77  6:23  Adept x3  
  83  6:36  Photon Cannon  
  83  6:39  Photon Cannon  
  82  6:40  Observer  
  82  6:42  Pylon  
  82  6:43  Gateway  
  82  6:45  Gateway  
  82  6:49  Photon Cannon  
  82  6:50  Adept x3  
  82  6:51  Pylon  
  82  6:53  Pylon  
  88  7:12  Phoenix  
  90  7:16  Sentry x3  
  96  7:24  Probe (Chrono Boost)  
  96  7:25  Probe x2 (Chrono Boost)  
  99  7:34  Probe (Chrono Boost)  
  99  7:37  Blink, Probe x2 (Chrono Boost), Phoenix, Adept x2  
  102  7:41  Gateway  
  108  7:59  Adept x4  
  108  8:01  Adept  
  108  8:02  Phoenix  
  118  8:20  Adept x2  
  118  8:21  Adept x2  
  118  8:22  Adept  
  128  8:27  Phoenix  
  130  8:38  Adept  
  132  8:52  Phoenix  
  132  8:53  Assimilator  
  132  8:54  Assimilator  
  130  8:56  Pylon  
  130  8:57  Pylon  
  130  8:58  Pylon x2  
  130  9:02  Probe (Chrono Boost)  
  133  9:04  Probe x2 (Chrono Boost)  
  133  9:13  Templar Archives  
  133  9:14  Gateway  
  133  9:15  Probe (Chrono Boost)  
  133  9:16  Probe x2 (Chrono Boost), Gateway  
  133  9:17  Phoenix  
  136  9:18  Gateway  
  138  9:25  Probe (Chrono Boost)  
  138  9:28  Probe x2 (Chrono Boost)  
  137  9:42  Adept  
  137  9:43  Adept x5  
Show
View Real Time Build Order
Export as new Build Order

Rakan Terran 

Build Orders: Reaper Expand, MMM Bio 

Get SALT Encoding   

  12  0:00  SCV  
  13  0:12  SCV  
  14  0:17  Supply Depot  
  14  0:25  SCV  
  15  0:39  Barracks, SCV  
  16  0:44  Refinery  
  16  0:51  SCV  
  17  1:03  SCV  
  18  1:15  SCV  
  19  1:27  Reaper  
  19  1:28  Orbital Command  
  20  1:45  Command Center  
  20  1:57  Barracks  
  20  2:03  Barracks Reactor  
  20  2:06  SCV  
  21  2:12  Supply Depot  
  21  2:15  Refinery  
  21  2:25  Factory  
  21  2:30  SCV  
  22  2:43  Barracks Tech Lab  
  22  2:45  SCV  
  22  2:46  Marine x2  
  25  2:57  SCV  
  25  3:02  Orbital Command  
  25  3:07  Stimpack  
  26  3:13  SCV  
  26  3:20  Marine x2  
  26  3:23  Widow Mine  
  26  3:26  SCV  
  31  3:27  SCV  
  31  3:29  Marine  
  33  3:38  Marine  
  34  3:43  SCV, Marine  
  34  3:46  SCV  
  35  3:50  Starport  
  35  3:52  Marine  
  35  3:53  Widow Mine  
  35  3:55  SCV  
  39  3:56  Marine  
  39  3:58  SCV  
  39  4:00  Supply Depot  
  41  4:09  SCV, Marine  
  43  4:10  Engineering Bay  
  43  4:13  SCV  
  43  4:14  Marine  
  44  4:21  SCV  
  44  4:25  SCV, Marine  
  44  4:27  Marine  
  44  4:28  Factory Reactor  
  44  4:30  Widow Mine  
  49  4:33  SCV  
  49  4:37  SCV  
  51  4:40  Medivac  
  51  4:43  Marine  
  54  4:49  Missile Turret  
  54  4:57  SCV, Marine  
  54  5:01  Marine  
  54  5:11  Missile Turret  
  54  5:27  SCV  
  54  5:28  SCV  
  54  5:33  Command Center, Barracks  
  53  5:39  SCV  
  54  5:45  Combat Shields  
  54  5:46  Supply Depot, Marine  
  54  5:47  SCV  
  56  5:51  SCV  
  56  5:53  Liberator  
  57  5:59  SCV  
  57  6:03  SCV  
  59  6:08  Marine  
  59  6:09  Marine, Marauder  
  59  6:10  Factory Reactor  
  59  6:11  SCV  
  65  6:18  SCV  
  58  6:21  Terran Infantry Weapons Level 1  
  58  6:23  SCV  
  59  6:27  Barracks  
  59  6:28  Barracks Tech Lab  
  59  6:33  SCV  
  59  6:38  SCV  
  61  6:43  Supply Depot  
  61  6:44  Engineering Bay  
  61  6:45  Orbital Command, SCV  
  60  6:50  SCV  
  60  6:52  Concussive Shells  
  61  7:01  SCV, Marine x3  
  62  7:02  Marauder  
  62  7:03  SCV  
  68  7:15  Barracks  
  68  7:16  Medivac  
  68  7:17  Medivac, SCV  
  68  7:19  Marine x2  
  68  7:20  SCV, Marauder  
  78  7:27  Marine, Marauder  
  78  7:28  Orbital Command  
  78  7:29  SCV  
  82  7:32  Supply Depot  
  82  7:33  SCV  
  84  7:41  Marauder  
  84  7:42  Barracks Tech Lab, Marine  
  84  7:43  Missile Turret  
  84  7:44  SCV  
  87  7:45  SCV  
  87  7:49  Marauder  
  87  7:58  SCV  
  86  8:00  SCV  
  86  8:01  Marine x2, Marauder  
  86  8:02  SCV  
  92  8:06  Medivac x2  
  92  8:10  SCV, Supply Depot  
  92  8:12  SCV, Armory  
  98  8:14  SCV  
  98  8:19  Marine  
  97  8:20  Marauder  
  97  8:22  SCV  
  97  8:24  SCV  
  99  8:34  SCV  
  99  8:37  SCV, Marine x2  
  99  8:38  Marauder x2  
  99  8:41  Marine  
  95  8:42  SCV  
  95  8:46  SCV  
  91  8:53  SCV  
  91  8:54  SCV  
  91  8:55  Marine x2  
  81  8:58  SCV  
  81  8:59  Refinery, Marine, Marauder x2  
  81  9:00  Refinery x3  
  88  9:05  SCV  
  88  9:06  SCV  
  90  9:10  SCV  
  90  9:13  Marine x2  
  93  9:17  SCV, Marauder  
  93  9:18  SCV  
  93  9:21  Marauder x2  
  96  9:31  Marine x2  
  89  9:38  Marine  
  68  9:39  SCV  
  68  9:41  SCV  
Tags
 
Add a new tag
Caveats
  • Supply blocks, unpowered buildings, or Contaminate may cause inaccurate times.
  • Supply counts are checked every 10 seconds.